 Dungeon Crawl Stone Soup version 0.29.1-15-g9cfb28693d (webtiles) character file.

Game seed: 5476030549784854700

150 GigaChad the Covered (level 5, 0/46 HPs)
             Began as a Minotaur Fighter on Mar 10, 2023.
             Slain by Ijyb
             ... wielding a +0 club
              (4 damage)
             ... on level 3 of the Dungeon.
             The game lasted 00:03:54 (2682 turns).

GigaChad the Covered (Minotaur Fighter)             Turns: 2682, Time: 00:03:55

Health: 0/46       AC:  0    Str: 22    XL:     5   Next: 10%
Magic:  4/4        EV:  9    Int:  5    God:
Gold:   104        SH:  4    Dex: 10    Spells: 4/4 levels left

rFire   . . .      SeeInvis .   a - +0 war axe
rCold   . . .      Faith    .   c - +0 buckler
rNeg    . . .      Spirit   .   b - +0 scale mail
rPois   .          Reflect  .   (helmet restricted)
rElec   .          Harm     .   (no cloak)
rCorr   .          Rampage  .   (no gloves)
Will    .....                   (no boots)
Stlth   ..........              (no amulet)
HPRegen 0.15/turn               (no ring)
MPRegen 0.09/turn               (no ring)

@: corroded
A: horns 2, retaliatory headbutt
a: no special abilities


You were on level 3 of the Dungeon.
You visited 1 branch of the dungeon, and saw 3 of its levels.

You collected 104 gold pieces.

Inventory:

Hand Weapons
 a - a +0 war axe (weapon)
Missiles
 j - a throwing net (quivered)
Armour
 b - a +0 scale mail (worn)
 c - a +0 buckler (worn)
Scrolls
 h - a scroll of vulnerability {unknown}
 i - 2 scrolls of teleportation {unknown}
 k - a scroll of identify {unknown}
Potions
 d - a potion of might
 e - 3 potions of curing {unknown}
 f - a potion of flight {unknown}
 g - a potion of haste {unknown}


   Skills:
 + Level 4.3 Fighting
 + Level 4.3 Axes
 + Level 4.7 Armour
 + Level 1.0 Dodging
 + Level 0.1 Stealth
 + Level 4.3 Shields


You had 4 spell levels left.
You didn't know any spells.
Your spell library was empty.

Dungeon Overview and Level Annotations

Branches:
Dungeon (3/15)

Altars:
Vehumet
Xom

Annotations:
D:3 Grinder, Ijyb


Innate Abilities, Weirdness & Mutations

You have a pair of horns on your head.
You reflexively headbutt those who attack you in melee.


Message History

You kill the hobgoblin!
The bat hits you but does no damage. You block the bat's attack.
The bat hits you but does no damage. The bat attacks as you move away!
The bat closely misses you. x2
The bat hits you.
You slash the bat!
You kill the bat!
You barely miss Ijyb. You block Ijyb's attack. Ijyb closely misses you.
You closely miss Ijyb. You headbutt Ijyb, but do no damage.
Ijyb zaps a wand.
The bolt of acid hits you! The acid corrodes you!
You barely miss Ijyb.
Grinder blinks!
Ijyb misses you.
You closely miss Ijyb. Ijyb hits you with a +0 club. Ijyb barely misses you.
You slash Ijyb!
Ijyb is moderately wounded.
Ijyb hits you with a +0 club.
* * * LOW HITPOINT WARNING * * *
You hit Ijyb but do no damage.
Ijyb is moderately wounded.
You block Ijyb's attack.
You closely miss Ijyb. You headbutt Ijyb, but do no damage.
Ijyb is moderately wounded.
Ijyb hits you but does no damage. Ijyb closely misses you.
You furiously retaliate!
You headbutt Ijyb, but do no damage. You hit Ijyb. Your headbutt misses Ijyb.
Ijyb is moderately wounded.
Ijyb zaps a wand.
The bolt of acid hits you!
* * * LOW HITPOINT WARNING * * *
The acid corrodes you!
You barely miss Ijyb. You headbutt Ijyb, but do no damage.
Ijyb is moderately wounded.
Ijyb grins evilly.
Ijyb barely misses you.
You hit Ijyb.
Ijyb is moderately wounded.
Ijyb barely misses you. x2; Grinder blinks!
You slash Ijyb!
Ijyb is almost dead.
Ijyb hits you with a +0 club.
You die...

#.# #.## #.# #.. # #.#
#.# .# #.# ##.####.# #.#
#.......####+##### #.#
#.#...####........ #.#
#.##..# #........ #.#
#.##..####........
#.#####.##..@g..†.......
#.......##.####.........
#########..# #.........
#.## #......... ..
.......... #.#
###........ .. #........
#........


You could see Ijyb.

Vanquished Creatures
  Natasha (D:3)
  3 adders
  A worm (D:2)
  A dart slug (D:1)
  3 orcs (D:3)
  6 ball pythons
  5 endoplasms
  5 giant cockroaches
  16 goblins
  13 hobgoblins
  3 jackals (D:3)
  3 quokkas
  5 bats
  A frilled lizard (D:3)
  6 kobolds
  8 rats
80 creatures vanquished.

Vanquished Creatures (others)
  An adder (D:3)
1 creature vanquished.

Grand Total: 81 creatures vanquished

Notes
Turn   | Place    | Note
-------+----------+-------------------------------------------
     0 | D:1      | GigaChad the Minotaur Fighter began the quest for the Orb.
     0 | D:1      | Reached XP level 1. HP: 19/19 MP: 0/0
   342 | D:1      | Reached XP level 2. HP: 27/27 MP: 1/1
   841 | D:1      | Found a faded altar of an unknown god.
   942 | D:1      | Reached XP level 3. HP: 33/33 MP: 2/2
  1657 | D:2      | Reached XP level 4. HP: 40/40 MP: 3/3
  2426 | D:3      | Found a shimmering altar of Xom.
  2455 | D:3      | Reached skill level 1 in Dodging
  2480 | D:3      | Found a radiant altar of Vehumet.
  2545 | D:3      | Noticed Natasha
  2550 | D:3      | Killed Natasha
  2551 | D:3      | Reached XP level 5. HP: 38/46 MP: 4/4
  2658 | D:3      | Noticed Grinder
  2663 | D:3      | Noticed Ijyb
  2682 | D:3      | Slain by Ijyb

Illustrated notes

Levels and vault maps discovered:
D:1:      eino_arrival_cavern_b, layout_loops_corners, basic_ecumenical_altar,
          serial_glass, glass_columns_c, glass_columns_b,
          grunt_decor_resistance, corexii_item_surrounded_by_moat, st_stairs_8
D:2:      kennysheep_the_goblin_king, layout_loops_ring
D:3:      layout_basic, xom_confusion_cloud, fiery_altar_vehumet,
          nicolae_hepliaklqana_monster_ancestors, minmay_misc_feat_tiny,
          kennysheep_another_room, minmay_statues_item, uniq_natasha, uniq_ijyb,
          uniq_grinder

Skill      XL: |  1  2  3  4 |
---------------+-------------+-----
Armour         | 4 |  4.7
Fighting       | 4 |  4.3
Shields        | 4 |  4.3
Axes           | 3 4 |  4.3
Dodging        | 1 |  1.0
Stealth        | |  0.1

Action                   |  1- 3 |  4- 6 || total
-------------------------+-------+-------++-------
Melee: War axe           |    83 |    67 ||   150
       Headbutt          |     8 |     9 ||    17
  Use: Scroll            |     1 |       ||     1
Armor: Scale mail        |    50 |    38 ||    88
Dodge: Dodged            |    39 |    44 ||    83
Block: Buckler           |    18 |    16 ||    34
